AoeStats
← HappyTree

Four Lakes

503503482Analyzed
3v3 RM · 1mo ago on Sep 1, 2026· 30m 1s· 6 players
Game mode
Random Map
Map size
Normal (6 player)
Population
200
Speed
Normal
Resources
Standard
Victory
Conquest
Starting age
Dark Age
Ending age
Imperial Age
RankedLock teamsTeams togetherTeam positionsShared explorationLock speedFull tech treeHidden civsTurbo modeCheats
Victory
Defeat
🇦🇷 Khmer · Argentina
1212
+8
🇦🇷 Franks · Argentina
1207
+8
🇦🇷 Italians · Argentina
1134
+11
1086
-12
🇨🇦 Persians · Canada
1056
-10
🇲🇽 Britons · Mexico
943
-6
HappyTree
8:13 Loom
9:58 Feudal Age
11:32 Man-at-Arms
12:05 Double-Bit Axe
12:39 Horse Collar
14:33 Fletching
15:30 Scale Mail Armor
23:01 Wheelbarrow
27:26 Castle Age
26:42 Forging
26:21 Arson
28:22 Pikeman
iamstacked
10:00 Loom
12:31 Feudal Age
15:21 Double-Bit Axe
17:28 Wheelbarrow
16:45 Horse Collar
19:57 Castle Age
18:16 Horse Collar
20:43 Bow Saw
20:43 Heavy Plow
22:50 Pikeman
23:25 Fletching
24:05 Ballistics
24:32 Hand Cart
24:59 Parthian Tactics
25:17 Bodkin Arrow
28:42 Bloodlines
28:33 Husbandry
gitPushOriginMaster
10:57 Feudal Age
16:13 Castle Age
14:41 Double-Bit Axe
15:38 Horse Collar
18:54 Bow Saw
23:03 Pikeman
23:57 Scale Mail Armor
28:42 Forging
MatuAKD
7:06 Loom
9:38 Feudal Age
10:40 Double-Bit Axe
20:30 Castle Age
20:06 Gold Mining
21:51 Fletching
Tio Iroh
7:28 Loom
11:05 Feudal Age
14:19 Double-Bit Axe
15:43 Bloodlines
20:06 Wheelbarrow
22:22 Castle Age
21:02 Wheelbarrow
21:34 Scale Barding Armor
22:14 Horse Collar
23:49 Light Cavalry
25:34 Chain Barding Armor
25:26 Forging
29:22 Iron Casting
30:06 Husbandry
Huscarlos
12:17 Feudal Age
14:05 Double-Bit Axe
16:19 Loom
20:33 Castle Age
18:27 Fletching
18:30 Fishing Lines
20:00 Padded Archer Armor
20:17 Gold Mining
21:20 Gillnets
21:19 Crossbowman
24:04 Bodkin Arrow
26:31 Ballistics
27:11 Squires
27:19 Treadmill Crane
29:15 Bow Saw
29:39 Town Watch
30:32 Leather Archer Armor
Connection lost

Rejoining the realm…

Still unreachable

The connection could not be restored.

Session expired

The server has moved on; the page needs a fresh start.